 Dungeon Crawl Stone Soup version 0.22-a0-161-g198051c (webtiles) character file.

735 solxrula the Cudgeler (level 7, -13/71 HPs)
             Began as a Troll Berserker on Feb 11, 2018.
             Was a Priest of Trog.
             Mangled by an orc warrior
             ... wielding a +0 morningstar
              (22 damage)
             ... on level 5 of the Dungeon.
             The game lasted 00:15:03 (3421 turns).

solxrula the Cudgeler (Troll Berserker)             Turns: 3421, Time: 00:15:03

Health: -13/71     AC:  6    Str: 27    XL:     7   Next: 45%
Magic:  6/6        EV: 12    Int:  3    God:    Trog [***...]
Gold:   110        SH:  0    Dex: 10    Spells: 6/6 levels left

rFire    . . .     SeeInvis .   a - +1 mace
rCold    . . .     Gourm    +   (no shield)
rNeg     . . .     Faith    .   b - +1 animal skin
rPois    .         Spirit   .   (helmet restricted)
rElec    .         Reflect  .   (no cloak)
rCorr    .         Harm     .   (gloves unavailable)
MR       .....                  (boots unavailable)
Stlth    ++........             (no amulet)
HPRegen  0.61/turn              f - +2 ring of evasion
MPRegen  0.10/turn              o - ring of stealth

@: about to teleport
A: large, unfitting armour, claws 3, fast metabolism 3, gourmand, regeneration
1, shaggy fur 1, tough skin 2
a: Berserk, Trog's Hand, Burn Spellbooks, Renounce Religion


You were on level 5 of the Dungeon.
You worshipped Trog.
Trog was most pleased with you.
You were very full.

You visited 1 branch of the dungeon, and saw 5 of its levels.

You collected 110 gold pieces.

Inventory:

Hand Weapons
 a - a +1 mace (weapon)
Missiles
 d - 205 stones
 h - 4 tomahawks (quivered)
Armour
 b - a +1 animal skin (worn)
Jewellery
 f - a +2 ring of evasion (left claw)
 o - a ring of stealth (right claw)
Scrolls
 g - a scroll of blinking
 k - 3 scrolls of enchant weapon
 l - 3 scrolls of remove curse
 m - a scroll of teleportation
Potions
 e - 3 potions of curing
 j - 2 potions of brilliance
 n - a potion of haste
Comestibles
 c - 10 rations


   Skills:
 + Level 4.5 Fighting
 + Level 6.9 Maces & Flails
 - Level 2.4 Dodging


You had 6 spell levels left.
You didn't know any spells.

Dungeon Overview and Level Annotations

Branches:
Dungeon (5/15)             Temple (0/1) D:4

Altars:
Ashenzari
Makhleb
Nemelex Xobeh
Qazlal
Ru
Trog
The Shining One


Innate Abilities, Weirdness & Mutations

You are too large for most types of armour.
You have claws for hands.
Your metabolism is lightning-fast.
You like to eat raw meat.
Your natural rate of healing is unusually fast.
You are covered in fur. (AC +1)
You have very tough skin. (AC +2)


Message History

You feel better.
The orc warrior hits you with a morningstar.
You hit the orc warrior.
The orc warrior is lightly wounded.
The orc warrior hits you with a morningstar!
* * * LOW HITPOINT WARNING * * *
You hear a shout!
You hit the orc warrior but do no damage.
The orc warrior is lightly wounded.
You hear a shout!
An orc comes into view.
You hit the orc warrior but do no damage.
The orc warrior is lightly wounded.
The orc warrior barely misses you. None of your equipped items are cursed.
Okay, then.
As you read the scroll of teleportation, it crumbles to dust.
You feel strangely unstable.
The orc warrior hits you with a morningstar!!
You die...

.o... #.5.. ....
... .. #. #.## #
#..########.# ##
#.####olo@......#
#.
#......o#########
#. #.##....# #.
##...# #. ##)##
#. #..# #. #.##
#. ##.## ## #...#
###########


You could see an orc warrior, 2 orcs and a leopard gecko.

Vanquished Creatures
  The ghost of princeOfDonkeys the Shield-Bearer, an amateur FoFi of Okawaru (D:3)
  An orc warrior (D:4)
  A phantom (D:4)
  A howler monkey (D:4)
  A crimson imp (D:5)
  An orc priest (D:5)
  A hound (D:5)
  A bullfrog skeleton (D:4)
  2 worker ants (D:4)
  2 orc wizards
  A howler monkey skeleton (D:4)
  Robin (D:4)
  An adder (D:2)
  3 oozes
  A worm (D:2)
  2 dart slugs (D:1)
  2 leopard geckos
  7 orcs
  7 bats
  A giant cockroach (D:4)
  19 goblins
  11 hobgoblins
  12 jackals
  9 kobolds
  3 quokkas
  5 frilled lizards
  6 rats
103 creatures vanquished.

Notes
Turn   | Place    | Note
-------+----------+-------------------------------------------
     0 | D:1      | solxrula the Troll Berserker began the quest for the Orb.
     0 | D:1      | Reached XP level 1. HP: 22/22 MP: 0/0
    34 | D:1      | Reached skill level 3 in Maces & Flails
    47 | D:1      | Reached XP level 2. HP: 26/29 MP: 1/1
   354 | D:1      | Reached XP level 3. HP: 35/36 MP: 2/2
   524 | D:1      | Reached ** piety under Trog
  1302 | D:2      | Reached XP level 4. HP: 39/45 MP: 3/3
  1365 | D:2      | Reached skill level 4 in Maces & Flails
  1490 | D:2      | Found a bloodstained altar of Trog.
  1490 | D:2      | Found a burning altar of Makhleb.
  1814 | D:3      | Noticed princeOfDonkeys's ghost (amateur FoFi)
  1828 | D:3      | Killed princeOfDonkeys's ghost
  1828 | D:3      | Reached skill level 5 in Maces & Flails
  1828 | D:3      | Reached XP level 5. HP: 54/54 MP: 4/4
  1887 | D:3      | Found a sparkling altar of Nemelex Xobeh.
  2274 | D:3      | Reached *** piety under Trog
  2417 | D:4      | Noticed an orc warrior
  2444 | D:4      | Killed an orc warrior
  2444 | D:4      | Reached XP level 6. HP: 14/62 MP: 5/5
  2624 | D:4      | Noticed Robin
  2638 | D:4      | Killed Robin
  2705 | D:4      | Reached skill level 6 in Maces & Flails
  2833 | D:4      | Found a shattered altar of Ashenzari.
  2835 | D:4      | Found a sacrificial altar of Ru.
  2835 | D:4      | Found a glowing golden altar of the Shining One.
  2846 | D:4      | Found a stormy altar of Qazlal.
  2861 | D:4      | Found a shattered altar of Ashenzari.
  2938 | D:4      | Found a staircase to the Ecumenical Temple.
  2984 | D:4      | Reached XP level 7. HP: 62/70 MP: 6/6
  3169 | D:5      | Entered Level 5 of the Dungeon
  3421 | D:5      | Mangled by an orc warrior

Vault maps used:
D:1:      dpeg_arrival_pond
D:2:      gammafunk_temple_overflow_elements
D:3:      nemelex_xobeh_ov_fountains_minmay, kennysheep_boxes
D:4:      grunt_temple_overflow_open, minmay_temple_entry_glass,
          cheibrodos_ashenzari_chains, uniq_robin
D:5:      lemuel_zombie_altar_yredelemnul, first_ration

Skill      XL: |  1  2  3  4  5  6 |
---------------+-------------------+-----
Maces & Flails | 3 5 6 |  6.9
Fighting       | 3 4 |  4.5
Dodging        | |  2.4

Action                   |  1- 3 |  4- 6 |  7- 9 || total
-------------------------+-------+-------+-------++-------
Melee: Mace              |   167 |   179 |    52 ||   398
Throw: Stone             |       |       |     9 ||     9
       Tomahawk          |       |       |     8 ||     8
Invok: Berserk           |       |     3 |       ||     3
  Use: Scroll            |     3 |     6 |     2 ||    11
       Potion            |       |     4 |     2 ||     6
  Eat: Chunk             |    15 |    16 |     9 ||    40
Armor: Animal skin       |    67 |    37 |    12 ||   116
Dodge: Dodged            |   103 |    91 |    26 ||   220

Table legend:
 A = Spawn XP
 B = Non-spawn XP
 C = Spawn XP percentage of total XP
 D = Spawn monster count
 E = Non-spawn monster count
 F = Spawn count percentage of total count
 G = Total turns spent on level
                    A         B        C        D         E        F      G
               +---------+---------+-------+---------+---------+-------+---------
         Total |       0 |    1051 |   0.0 |       0 |     103 |   0.0 |  3421
               +---------+---------+-------+---------+---------+-------+---------
           D:1 |       0 |      57 |   0.0 |       0 |      25 |   0.0 |   887
           D:2 |       0 |      55 |   0.0 |       0 |      26 |   0.0 |   629
           D:3 |       0 |     225 |   0.0 |       0 |      17 |   0.0 |   901
           D:4 |       0 |     526 |   0.0 |       0 |      24 |   0.0 |   752
           D:5 |       0 |     188 |   0.0 |       0 |      11 |   0.0 |   252
               +---------+---------+-------+---------+---------+-------+---------
